 Dungeon Crawl Stone Soup version 0.30-a0-719-gcc4359ea44 (webtiles) character file.

Game seed: 6357712264597082123

2362 Newt the Cudgeller (level 9, -6/65 HPs)
             Began as a Demonspawn Gladiator on Jan 26, 2023.
             Was a Believer of Makhleb.
             Mangled by Menkaure (12 damage)
             ... on level 7 of the Dungeon.
             The game lasted 00:08:19 (6731 turns).

Newt the Cudgeller (Demonspawn Gladiator)           Turns: 6731, Time: 00:08:20

Health: -6/65      AC: 14    Str: 18    XL:     9   Next: 21%
Magic:  16/16      EV: 21    Int: 10    God:    Makhleb [**....]
Gold:   495        SH:  0    Dex: 15    Spells: 17/18 levels left

rFire   + . .      SeeInvis .    o - +4 flail (venom)
rCold   . . .      Faith    .    (no shield)
rNeg    . . .      Spirit   .    v - +5 scale mail {rF+}
rPois   .          Reflect  .    (helmet restricted)
rElec   .          Harm     .    I - +0 cloak
rCorr   .          Rampage  .    w - +1 pair of gloves
Will    .....                    (no boots)
Stlth   +                        (no amulet)
HPRegen 0.30/turn                x - +5 ring of evasion
MPRegen 0.15/turn                l - ring of wizardry

@: mighty, agile
A: antennae 1, hooves 2, demonic guardian 1, powered by pain 2
a: Renounce Religion, Minor Destruction


You were on level 7 of the Dungeon.
You worshipped Makhleb.
Makhleb was pleased with you.
You visited 2 branches of the dungeon, and saw 8 of its levels.
You also visited: Sewer.

You collected 630 gold pieces.
You spent 135 gold pieces at shops.

Inventory:

Hand Weapons
 a - a +0 rapier
 o - a +4 flail of venom (weapon)
 y - a +5 halberd
 E - a +5 spear of freezing
Missiles
 d - 3 throwing nets
 i - 5 datura-tipped darts
 j - 4 poisoned darts
 G - a javelin
Armour
 b - a +0 leather armour
 c - a +0 helmet
 p - a +0 hat
 v - a +5 scale mail of fire resistance (worn)
 w - a +1 pair of gloves (worn)
 I - a +0 cloak (worn)
Jewellery
 k - a ring of resist corrosion
 l - a ring of wizardry (right hand)
 x - a +5 ring of evasion (left hand)
 M - a +5 ring of evasion
Wands
 e - a wand of roots (5)
 F - a wand of charming (3)
 J - a wand of mindburst (9)
Scrolls
 h - a scroll of enchant weapon
 q - 2 scrolls of teleportation
 s - 3 scrolls of fear
Potions
 f - 2 potions of cancellation
 g - 3 potions of curing
 m - 2 potions of magic
 n - 2 potions of haste
 r - a potion of attraction
 t - a potion of brilliance {unknown}
 u - a potion of ambrosia {unknown}
 z - a potion of degeneration {unknown}
 A - a potion of resistance {unknown}
 C - a potion of experience {unknown}
 D - a potion of flight {unknown}
 K - 2 potions of invisibility {unknown}


   Skills:
 - Level 4.0 Fighting
 - Level 2.6 Short Blades
 - Level 6.0 Maces & Flails
 - Level 1.7 Throwing
 - Level 4.0 Dodging
 - Level 2.0 Stealth
 - Level 5.0 Spellcasting
 - Level 5.0 Transmutations
 + Level 4.9 Invocations


You had 17 spell levels left.
You knew the following spells:

 Your Spells              Type           Power      Damage    Failure   Level
a - Beastly Appendage     Tmut           24%        N/A       4%          1

Your spell library contained the following spells:

 Spells                   Type           Power      Damage    Failure   Level
 Cigotuvi's Dreadful Rot  Necr/Pois/Air  4%         N/A       41%         2
 Poisonous Vapours        Pois/Air       4%         N/A       41%         2
 Scorch                   Fire           4%         2d5       41%         2
 Static Discharge         Conj/Air       4%         2-3/arc   41%         2
 Kindle Blastsparks       Fire/Tloc/Air  4%         2d10      65%         3
 Mephitic Cloud           Conj/Pois/Air  2%         N/A       65%         3
 Ozocubu's Armour         Ice            2%         N/A       65%         3
 Swiftness                Air            2%         N/A       65%         3
 Flame Wave               Conj/Fire      2%         2d4       95%         4
 Fulminant Prism          Conj/Hex       1%         3d5       95%         4
 Iskenderun's Mystic Bla  Conj/Tloc      2%         2d3       95%         4
 Lee's Rapid Deconstruct  Erth           1%         3d4*      100%        5
 Summon Cactus Giant      Summ           1%         N/A       100%        6
 Ozocubu's Refrigeration  Ice            1%         4d7       100%        7


Dungeon Overview and Level Annotations

Branches:
Dungeon (7/15)             Temple (1/1) D:4           Sewer (visited)

Altars:
Ashenzari
Cheibriados
Dithmenos
Fedhas
Gozag
Hepliaklqana
Kikubaaqudgha
Makhleb
Okawaru
Qazlal
Sif Muna
Uskayaw
Vehumet
Wu Jian
Xom
Yredelemnul

Shops:
D:5 [

Annotations:
D:7 Menkaure


Innate Abilities, Weirdness & Mutations

You have a pair of small antennae on your head.
You have hoof-like feet.
A weak demonic guardian rushes to your aid.
You sometimes gain power by taking damage.


Message History

The orc warrior completely misses you. The centaur misses you.
The centaur kicks you but does no damage.
Menkaure casts a spell.
Menkaure seems to speed up.
Okay, then.
As you read the scroll of fear, it crumbles to dust.
You assume a fearsome visage.
Menkaure is unaffected.
The gnoll looks frightened!
The centaur looks frightened!
The orc warrior looks frightened!
The orc looks frightened! x2
Menkaure casts a spell at you. Pain shoots through your body!
* * * LOW HITPOINT WARNING * * *
A demonic guardian appears!
You focus on the pain.
You feel very mighty all of a sudden.
Unknown command.
You feel better.
The centaur tries to recover its lost courage.
Menkaure closely misses you.
You feel better. Menkaure misses you.
Aiming: Minor Destruction (1% risk of failure)
Press: ? - help, Shift-Dir - straight line, f - Menkaure
Aim: Menkaure (fast)
The stone arrow hits Menkaure!
Menkaure is heavily damaged.
You kill the centaur!
Makhleb accepts your kill.
You feel better. Menkaure hits you!
* * * LOW HITPOINT WARNING * * *
Menkaure rustles a few words.
Menkaure gestures at you while chanting.
Pain shoots through your body!
* * * LOW HITPOINT WARNING * * *
Aiming: Minor Destruction (1% risk of failure)
Press: ? - help, Shift-Dir - straight line, f/p - Menkaure
Aim: Menkaure (heavily damaged, fast)
The puff of flame hits Menkaure.
Menkaure is burned terribly!
Menkaure is heavily damaged.
Menkaure closely misses you.
You feel better. Menkaure hits you!
You die...

.#####.####...........######
.........##.#####.)...#
#..........)..........## #
#..........>###.M.....# ###
#........##.....#####.# ≈≈
#..........###..####..#####
#.......##.# #.........#...
#.......##M# #.###....~....
##..######@##..# #....~....
##. #)).....≈≈≈≈≈≈≈... .
......#######..... ##
##.....# #.... #.....# ....
......5. .#.. ......... ...#
.....o##g .. . # ..


You could see an orc warrior (fleeing), Menkaure (fast), a gnoll (fleeing, ally
target) and a friendly shadow imp (summoned).

Vanquished Creatures
  Pikel (D:6)
  Eustachio (D:6)
  2 water moccasins
  2 ice beasts
  2 centaurs
  2 phantoms
  A gnoll sergeant (D:6)
  A scorpion (D:4)
  2 necrophages
  A howler monkey (D:6)
  Crazy Yiuf (D:6)
  3 hounds
  2 gnoll boudas
  4 orc priests
  A jelly (D:7)
  Terence (D:3)
  3 iguanas
  2 orc wizards
  17 gnolls
  9 adders
  A shadow imp (D:7)
  2 white imps
  2 worms
  2 dart slugs
  10 orcs
  5 ball pythons
  5 bats
  6 endoplasms
  2 giant cockroaches
  6 goblins
  8 hobgoblins
  3 jackals (Sewer)
  4 quokkas
  A frilled lizard (D:3)
  6 kobolds
  8 rats
129 creatures vanquished.

Vanquished Creatures (collateral kills)
  An orc priest (D:5)
  A gnoll (D:6)
  A worm (D:5)
  3 orcs (D:5)
6 creatures vanquished.

Grand Total: 135 creatures vanquished

Notes
Turn   | Place    | Note
-------+----------+-------------------------------------------
     0 | D:1      | Newt the Demonspawn Gladiator began the quest for the Orb.
     0 | D:1      | Reached XP level 1. HP: 16/16 MP: 1/1
   246 | D:1      | Reached skill level 1 in Stealth
   459 | D:1      | Gained mutation: A weak demonic guardian rushes to your
                  | aid. [demonic ancestry]
   459 | D:1      | Reached XP level 2. HP: 22/22 MP: 2/2
   821 | D:1      | Got the Essays on Overhead Flesh
  1105 | D:2      | Gained mutation: You sometimes gain a little power by
                  | taking damage. [demonic ancestry]
  1105 | D:2      | Reached XP level 3. HP: 23/28 MP: 3/3
  1556 | D:2      | Reached XP level 4. HP: 30/37 MP: 4/4
  2241 | D:3      | Discovered your monstrous ancestry.
  2241 | D:3      | Gained mutation: You have large cloven feet. [demonic
                  | ancestry]
  2241 | D:3      | Reached XP level 5. HP: 25/42 MP: 5/5
  2327 | D:3      | Found an ancient bone altar of Kikubaaqudgha.
  2417 | D:3      | Found a glowing drain.
  2435 | Sewer    | Entered a sewer
  2491 | Sewer    | Noticed a water moccasin
  2501 | Sewer    | Killed a water moccasin
  2502 | Sewer    | Reached skill level 2 in Maces & Flails
  2725 | D:3      | Noticed Terence
  2781 | D:3      | Killed Terence
  2782 | D:3      | Gained mutation: You have a pair of small antennae on your
                  | head. [demonic ancestry]
  2782 | D:3      | Reached XP level 6. HP: 28/48 MP: 6/6
  3165 | D:4      | Found a staircase to the Ecumenical Temple.
  3179 | Temple   | Entered the Ecumenical Temple
  3274 | Temple   | Became a worshipper of Makhleb the Destroyer
  3681 | D:4      | Reached skill level 3 in Maces & Flails
  3683 | D:4      | Learned a level 1 spell: Beastly Appendage
  4029 | D:5      | Entered Level 5 of the Dungeon
  4059 | D:5      | Reached skill level 4 in Maces & Flails
  4105 | D:5      | Noticed a water moccasin
  4113 | D:5      | Killed a water moccasin
  4114 | D:5      | Gained mutation: You have hoof-like feet. [demonic
                  | ancestry]
  4114 | D:5      | Reached XP level 7. HP: 34/54 MP: 7/7
  4249 | D:5      | Reached skill level 5 in Maces & Flails
  4270 | D:5      | Reached skill level 6 in Maces & Flails
  4270 | D:5      | Reached * piety under Makhleb
  4518 | D:5      | Found a shadowy altar of Dithmenos.
  4519 | D:5      | Found a basalt altar of Yredelemnul.
  4520 | D:5      | Found a radiant altar of Vehumet.
  4531 | D:5      | Reached skill level 1 in Transmutations
  4576 | D:5      | Found Taisoeme's Antique Armour Shop.
  4584 | D:5      | Bought a pair of embroidered gloves for 135 gold pieces
  4845 | D:5      | Reached XP level 8. HP: 35/60 MP: 8/8
  4975 | D:5      | Found an iron altar of Okawaru.
  5184 | D:6      | Noticed Pikel
  5192 | D:6      | Found a broken altar of Ashenzari.
  5264 | D:6      | Found a runed translucent door.
  5265 | D:6      | Noticed Crazy Yiuf
  5317 | D:6      | Killed Pikel
  5318 | D:6      | Reached skill level 5 in Transmutations
  5421 | D:6      | Found a stormy altar of Qazlal.
  5446 | D:6      | Noticed Eustachio
  5481 | D:6      | Killed Eustachio
  5684 | D:6      | Reached skill level 5 in Spellcasting
  5684 | D:6      | Reached skill level 1 in Invocations
  5684 | D:6      | Gained mutation: You sometimes gain power by taking damage.
                  | [demonic ancestry]
  5684 | D:6      | Reached XP level 9. HP: 61/65 MP: 16/16
  6166 | D:6      | Killed Crazy Yiuf
  6207 | D:7      | Reached ** piety under Makhleb
  6474 | D:7      | Noticed Menkaure
  6726 | D:7      | HP: 2/65 [Menkaure/nerve-wracking pain (13)]
  6731 | D:7      | Mangled by Menkaure

Illustrated notes

Levels and vault maps discovered:
D:1:      shiori_shiawase, layout_loops_corners, minmay_cupped
D:2:      layout_basic, grunt_decor_junction
D:3:      layout_basic, mainiacjoe_overflow_chevrons,
          cheibrodos_sewer_entry_drain, uniq_terence
D:4:      layout_basic, minmay_temple_entry_tees
D:5:      layout_basic, chequers_temple_overflow_statue_of_worship,
          old_standard_altar, serial_shops, nicolae_shop_waterfront
D:6:      layout_loops_ring, nicolae_ashenzari_skybound, kennysheep_mini_moat,
          uniq_pikel, uniq_crazy_yiuf_cottage, uniq_eustachio
D:7:      layout_rooms, serial_rivers, chequers_serial_rivers_micro_a,
          chequers_serial_rivers_micro_e, chequers_serial_rivers_micro_c,
          chequers_serial_rivers_large_a, uniq_menkaure
Temple:   jpeg_temple_clearing

Skill      XL: |  1  2  3  4  5  6  7  8  9 |
---------------+----------------------------+-----
Stealth        | 1 2 |  2.0
Fighting       | 3 4 |  4.0
Dodging        | 3 4 |  4.0
Maces & Flails | 2 4 6 |  6.0
Transmutations | 2 5 |  5.0
Spellcasting   | 5 |  5.0
Invocations    | 1 4 |  4.9
Short Blades   | |  2.6
Throwing       | |  1.7

Action                     |  1- 3 |  4- 6 |  7- 9 || total
---------------------------+-------+-------+-------++-------
  Melee: Rapier            |   116 |    64 |       ||   180
         Punch             |       |     1 |     3 ||     4
         Flail             |       |    76 |   164 ||   240
         Unarmed           |       |    10 |       ||    10
         Kick              |       |    15 |    51 ||    66
  Throw: Javelin           |       |     1 |     1 ||     2
         Throwing net      |       |     2 |       ||     2
   Cast: Beastly Appendage |       |       |     2 ||     2
 Invoke: Minor Destruction |       |       |     2 ||     2
    Use: Scroll            |     1 |     6 |     9 ||    16
         Potion            |       |     1 |     5 ||     6
   Stab: Sleeping          |     5 |       |       ||     5
 Armour: Leather armour    |    30 |    32 |       ||    62
         Skin              |       |     3 |       ||     3
         Scale mail        |       |    13 |    77 ||    90
  Dodge: Dodged            |    65 |   126 |   170 ||   361

Table legend: (Time is in decaauts)
 A = Elapsed time spent in this place.
 B = Non-inter-level travel time spent in this place.
 C = Inter-level travel time spent in this place.
 D = Time resting spent in this place.
 E = Time spent auto-exploring this place.
 F = Levels seen in this place.
 G = Mean time per level.
                   A        B        C        D        E       F      G
               +--------+--------+--------+--------+--------+-----+--------+
         Total |   6777 |   6528 |    249 |   1034 |   4304 |   9 |  753.0 |
       Dungeon |   6504 |   6291 |    213 |   1034 |   4127 |   7 |  929.1 |
        Temple |    109 |     73 |     36 |      0 |     61 |   1 |  109.0 |
         Sewer |    163 |    163 |      0 |      0 |    116 |   1 |  163.0 |
               +--------+--------+--------+--------+--------+-----+--------+

Top non-repeatable levels by time:
     D:5: 1232 daAuts
     D:2: 1085 daAuts
     D:1: 1056 daAuts
     D:6: 926 daAuts
     D:3: 853 daAuts
     D:4: 812 daAuts
     D:7: 536 daAuts
   Sewer: 163 daAuts
  Temple: 109 daAuts
